Cogmind - Beta 13 X2 @@@ ROGUE MODE // 2024.01.27 @ 13:37:39 Player: Jezoensis Result: Destroyed by as-75705 with Assembled Heavy Rifle Performance ------------- Evolutions (0) 0 Regions Visited (2) 400 Robots Destroyed (15) 75 Value Destroyed (334) 334 Prototype IDs (0) 0 Alien Tech Used (0) 0 Bonus (11) 11 TOTAL SCORE: 820 Bonus ------- High Alert Combat Kills 11 Cogmind --------- Core Integrity 0/250 Matter 231/300 Energy 41/310 System Corruption 0% Temperature Cool (0) Movement Walking (200) Ox1 Location -10/Mines Parts ------- > --- POWER (1) -------- Fission Core > --- PROPULSION (2) --- Light Treads Titanium Leg > --- UTILITY (2) ------ Medium Storage Unit Improved Terrain Scanner > --- WEAPON (2) ------- Medium Laser > --- INVENTORY (10) --- Wheel Compact Wheel Improved Heat Sink Large Storage Unit Terrain Scan Processor Seismic Detector Medium Laser Mining Laser Peak State ------------ > --- POWER ------------ Fission Core > --- PROPULSION ------- Light Treads Titanium Leg > --- UTILITY ---------- Medium Storage Unit Improved Terrain Scanner > --- WEAPON ----------- (None) > --- INVENTORY -------- Wheel Compact Wheel Improved Heat Sink Large Storage Unit Terrain Scan Processor Seismic Detector Medium Laser Medium Laser Mining Laser [Rating: 14] Favorites ----------- Power Light Ion Engine Engine Light Ion Engine Power Core Fission Core Propulsion Wheel Treads Light Treads Leg Titanium Leg Wheel Wheel Utility Small Storage Unit Device Improved Terrain Scanner Storage Small Storage Unit Weapon Medium Laser Energy Gun Medium Laser Ballistic Gun Light Assault Rifle Launcher Grenade Launcher Build | -11 -10 -10 ------- Run | Yrd Mat Min Slots Evolved . | . . . Power . | . . . Propulsion . | . . . Utility . | . . . Weapon . | . . . Parts Attached 29 | 9 14 6 Power 3 | 1 1 1 Engine 2 | 1 1 . Core 1 | . . 1 Reactor . | . . . Propulsion 13 | 3 7 3 Treads 4 | . 3 1 Leg 1 | . . 1 Wheel 8 | 3 4 1 Hover . | . . . Flight . | . . . Utility 8 | 3 5 . Device 6 | 2 4 . Storage 2 | 1 1 . Processor . | . . . Hackware . | . . . Protection . | . . . Artifact . | . . . Weapon 5 | 2 1 2 Energy Gun 3 | 1 1 1 Energy Cannon . | . . . Ballistic Gun 1 | 1 . . Ballistic Cannon . | . . . Launcher 1 | . . 1 Special Weapon . | . . . Impact Weapon . | . . . Slashing Weapon . | . . . Piercing Weapon . | . . . Special Melee Weapon . | . . . Unidentified Prototypes . | . . . Parts Lost 5 | . 1 4 Power 1 | . . 1 Propulsion 2 | . 1 1 Utility . | . . . Weapon 2 | . . 2 Highest Loss Streak 4 | . 1 4 To Critical Strikes . | . . . Average Slot Usage (%) 97 | . 99 82 Engine 14 | . 14 14 Treads 3 | . 2 11 Wheel 24 | . 25 16 Device 14 | . 14 14 Storage 14 | . 14 14 Energy Gun 22 | . 24 5 Ballistic Gun 3 | . 3 . Naked Turns . | . . . Heaviest Build 22 | 12 21 22 Greatest Support 20 | 20 20 20 Greatest Overweight (x) 1 | . 1 1 Average Overweight (x) . | . . 1 Largest Inventory Capacity 10 | 8 10 10 Average Capacity 8 | 6 8 10 Most Carried 10 | 7 9 10 Average Carried 7 | 4 7 9 Final Capacity 10 | 8 10 10 Final Carried 9 | 7 9 8 Class Distribution -------------------- 53% | Scavenger-Mutant 46% | Mutant Dominant Class ---------------- Scavenger-Mutant | -10/Materials Mutant | -10/Mines Resources | -11 -10 -10 ----------- Run | Yrd Mat Min Matter Collected 491 | 275 175 41 Remotely . | . . . Salvage Created 473 | 87 359 27 Parts 41 | 14 27 . Haulers Intercepted . | . . . Recyclers Shooed . | . . . Parts Field Recycled . | . . . Retrieved Matter . | . . . Parts Self-Destructed . | . . . Prevented . | . . . Kills | -11 -10 -10 ------- Run | Yrd Mat Min Combat Hostiles Destroyed 11 | . 7 4 Guns 7 | . 7 . AOE 4 | . . 4 Classes Destroyed 6 | 1 4 1 Worker 1 | . 1 . Builder 1 | . 1 . Tunneler 5 | 5 . . Watcher 1 | . 1 . Grunt 7 | . 7 . Assembled 4 | . . 4 Best Kill Streak 5 | 5 4 4 Combat Bots Only 4 | . 3 4 Max Kills in Single Turn 2 | 1 1 2 Gunslinging . | . . . Exploded 2 | . . 2 Melee . | . . . Uniques/NPCs Destroyed . | . . . Combat | -11 -10 -10 -------- Run | Yrd Mat Min Hostile Shots Fired 71 | . 29 42 Missed 25 | . 10 15 Damage Taken 748 | . 269 479 Core 257 | . 36 221 Absorbed by Shields . | . . . Core Remaining (%) 100 | 100 . . Volleys Fired 45 | 9 29 7 Largest 2 | 2 2 1 Hottest 115 | 70 115 30 Shots Fired 83 | 18 58 7 Gun 76 | 18 58 . Cannon . | . . . Launcher 7 | . . 7 Special . | . . . Kinetic 25 | 9 16 . Thermal 51 | 9 42 . Explosive 7 | . . 7 Electromagnetic . | . . . Robot Hit Streak 7 | 4 7 . Robot Miss Streak 4 | 2 4 . Penetration Max . | . . . Secondary Targets 2 | . 2 . Max Gunslinging Chain 1 | . 1 . Shots Hit Robots 45 | 10 35 . Core Hits 40 | 6 19 15 Critical Kills . | . . . Critical Parts Destroyed 1 | . 1 . Critical Strikes 2 | . 2 . Burn 1 | . 1 . Destroy 1 | . 1 . Melee Attacks . | . . . Impact . | . . . Slashing . | . . . Piercing . | . . . Sneak Attacks . | . . . Combat Hostiles . | . . . Follow-up Attacks . | . . . Damage Inflicted 809 | 141 420 248 Guns 561 | 141 420 . Cannons . | . . . Explosions 248 | . . 248 Melee . | . . . Ramming . | . . . Kinetic 115 | 40 75 . Thermal 446 | 101 345 . Explosive 248 | . . 248 Electromagnetic . | . . . Impact . | . . . Slashing . | . . . Piercing . | . . . Highest Corruption . | . . . Average Corruption . | . . . Corruption Purged . | . . . Corruption Blocked . | . . . Overload Shots . | . . . Overflow Damage . | . . . Projectiles . | . . . Explosions . | . . . Melee . | . . . Knockbacks . | . . . Impact . | . . . Kinetic . | . . . Secondary . | . . . Self-Inflicted Damage 36 | . . 36 Shots 1 | . . 1 Rammed . | . . . Targets Rammed . | . . . Kicked . | . . . Crushed . | . . . Highest Temperature 305 | 140 305 . Average Temperature 95 | 64 104 . Received Heat Transfer 194 | . 174 20 Effects 1 | . 1 . Energy Bleed 1 | . 1 . Siege Activations . | . . . Robots Corrupted . | . . . Combat Hostiles . | . . . Parts Fried . | . . . Impact Corruptions . | . . . Robots Melted . | . . . Combat Hostiles . | . . . Parts Melted 2 | . 2 . Heat Transferred 1332 | 296 1036 . Parts Sabotaged . | . . . Parts Stolen . | . . . Parts Stripped . | . . . Power Chain Reactions . | . . . Missiles Intercepted . | . . . Alert | -11 -10 -10 ------- Run | Yrd Mat Min Peak Influence 404 | 25 404 104 Initial 79 | . 16 79 Average 178 | 8 221 89 Maximum Alert Level 2 | . 2 . Low Security (%) 51 | 100 36 100 Level 1 40 | . 52 . Level 2 8 | . 10 . Level 3 . | . . . Level 4 . | . . . Level 5 . | . . . High Security . | . . . Max Security . | . . . Squads Dispatched 5 | . 4 1 Investigation 5 | . 4 1 Extermination . | . . . Reinforcement . | . . . Assault . | . . . Garrison . | . . . Intercept . | . . . Searches Triggered . | . . . Construction Impeded . | . . . Haulers Reinforced . | . . . Active Scanning Responses . | . . . Cargo Convoy Interrupts . | . . . Stealth | -11 -10 -10 --------- Run | Yrd Mat Min Distress Signals 1 | . 1 . Communications Jammed . | . . . Distress Signals . | . . . Times Spotted 32 | . 15 17 Peak Tracking Total 17 | . 4 17 Tactical Retreats 3 | . 2 1 Traps | -11 -10 -10 ------- Run | Yrd Mat Min Traps Triggered 1 | . 1 . Indirectly . | . . . Trap Hack Attempts . | . . . Triggered . | . . . Disarmed . | . . . Reprogrammed . | . . . Reused . | . . . Traps Extracted . | . . . Installed . | . . . Triggered . | . . . Machines | -11 -10 -10 ---------- Run | Yrd Mat Min Machines Disabled . | . . . Max in Single Turn . | . . . Machines Repaired . | . . . Machines Dismantled . | . . . Machines Sabotaged . | . . . Overloaded Fab Kills . | . . . Hacking | -11 -10 -10 --------- Run | Yrd Mat Min Machines Accessed 7 | . 6 1 Terminals 4 | . 4 . Fabricators . | . . . Repair Stations . | . . . Recycling Units 2 | . 2 . Scanalyzers . | . . . Garrison Access . | . . . Total Hacks 22 | . 21 1 Successful 11 | . 10 1 Failed 11 | . 11 . Catastrophic . | . . . Database Lockouts . | . . . Manual 21 | . 21 . Terminals 19 | . 19 . Fabricators . | . . . Repair Stations . | . . . Recycling Units 2 | . 2 . Scanalyzers . | . . . Garrison Access . | . . . Terminal Hacks 6 | . 5 1 Robot Analysis 5 | . 5 . Open Door 1 | . . 1 Fabricator Hacks . | . . . Repair Station Hacks . | . . . Recycling Unit Hacks . | . . . Scanalyzer . | . . . Garrison Access Hacks . | . . . Unauthorized Hacks 5 | . 5 . Terminals 3 | . 3 . Track 1 | . 1 . Botnet 2 | . 2 . Fabricators . | . . . Repair Stations . | . . . Recycling Units 2 | . 2 . Tunnel 2 | . 2 . Scanalyzers . | . . . Garrison Access . | . . . Data Cores Recovered . | . . . Used . | . . . Hacking Detections 4 | . 4 . Full Trace Events 2 | . 2 . Feedback Events . | . . . Feedback Blocked . | . . . Robot Schematics Acquired . | . . . Robots Built . | . . . Authchips . | . . . Time . | . . . Total Robot Build Rating . | . . . Part Schematics Acquired . | . . . Parts Built . | . . . Authchips . | . . . Time . | . . . Total Part Build Rating . | . . . Parts Repaired . | . . . Time . | . . . Parts Recycled . | . . . Recycled Matter . | . . . Retrieved Matter . | . . . Retrieved Components . | . . . Parts Scanalyzed . | . . . Part Schematics Acquired . | . . . Parts Damaged . | . . . Bothacking | -11 -10 -10 ------------ Run | Yrd Mat Min Used RIF Installer . | . . . Robots Hacked . | . . . Non-combat . | . . . Combat . | . . . Robot Hacks Applied . | . . . Relay Couplers Released . | . . . Fabnet Peak Effective % . | . . . Robots Rewired . | . . . Allies Hacked . | . . . Hacks Repelled . | . . . Allies | -11 -10 -10 -------- Run | Yrd Mat Min Total Allies . | . . . Largest Group . | . . . Highest-Rated Group . | . . . Highest-Rated Ally . | . . . Total Orders . | . . . Ally Attacks . | . . . Total Damage . | . . . Kills . | . . . Allies Corrupted . | . . . Allies Melted . | . . . Intel | -11 -10 -10 ------- Run | Yrd Mat Min Robot Analysis Total 5 | . 5 . Derelict Logs Recovered . | . . . Drone Launches . | . . . Drone Recoveries . | . . . Exploration | -11 -10 -10 ------------- Run | Yrd Mat Min Turns Passed 568 | 81 434 53 Spaces Moved 467 | 49 386 32 Core 18 | 18 . . Treads 2 | . 2 . Legs . | . . . Wheels 447 | 31 384 32 Hover . | . . . Flight . | . . . Fastest Speed 50 | 50 80 95 Average Speed 81 | 68 82 95 Slowest Speed 160 | 80 160 95 Overloaded Moves . | . . . Propulsion Burnouts . | . . . Robots Hopped . | . . . Cave-ins Triggered . | . . . Exploration Rate (%) 31 | 3 77 13 Regions Visited 2 Branch Regions 1 Pre-discovered Areas 2 | . 2 . Known Exits Taken . | . . . Unknown Exits Taken 2 | 1 1 . Scrap Searched . | . . . Spaces Dug 5 | . . 5 Terrain Destroyed 52 | . . 52 Melee . | . . . Projectile . | . . . AOE 52 | . . 52 Terrain Rammed . | . . . Walls Destroyed . | . . . Machines Disabled . | . . . Actions | -11 -10 -10 --------- Run | Yrd Mat Min Total 569 | 77 445 47 Wait 2 | 2 . . Move 465 | 48 385 32 Hop . | . . . Pick Up 17 | 7 9 1 Fast Attach 9 | 7 1 1 Attach 5 | 1 1 3 Detach 3 | 1 1 1 Swap 15 | 1 12 2 Drop 8 | 1 7 . Fire 45 | 9 29 7 Melee . | . . . Ram . | . . . Kick . | . . . Crush . | . . . Escape Stasis . | . . . Rewire . | . . . Trap . | . . . Miscellaneous . | . . . Route ------- -11/Scrapyard -10/Materials (discovered 3 exits: [*Mat x2] / *Min) -10/Mines History --------- Turn | Location | Event 14 | -11/Scrapyard | Discovered new exit (range 15) 82 | -11/Scrapyard | Entered Materials 264 | -10/Materials | Discovered new exit (range 16) 339 | -10/Materials | Discovered new exit (range 10) 426 | -10/Materials | Discovered new exit (range 6) 514 | -10/Materials | Build established: Scavenger-Mutant 516 | -10/Materials | Entered Mines 517 | -10/Mines | Assembled infested the area 520 | -10/Mines | Met a Derelict bent on vengeance 522 | -10/Mines | Assisted by a Guerilla fighting off Assembled 551 | -10/Mines | Core integrity fell below 50% 562 | -10/Mines | Met a Derelict shopkeep closing up shop 562 | -10/Mines | Core integrity fell below 20% 569 | -10/Mines | Destroyed by as-75705 with Assembled Heavy Rifle Last Messages --------------- 00537_ Acquired Fission Core. 00538_ The unstable cave ceiling collapses. 00538_ Acquired 41 matter. 00539_ Particle Gun destroyed. 00542_ The unstable cave ceiling collapses. 00553_ Knocked back. 00561_ Connecting with SHOP.Sys... 00561_ Current location identified: Mines >>Open Door Sealed Doors opened. 00561_ Wheel destroyed. 00562_ V6-49B(g): "Sorry, the Unaware have moved into these parts and I'm closing up shop. No more sales from me!" 00562_ as-69631 destroyed. 00562_ Ion Engine destroyed. 00564_ ALERT: Derelict activity detected in mines. Dispatching investigation squad. 00566_ V6-49B(g): "Grab stuff and run for it!" 00566_ Acquired Titanium Leg. 00567_ V6-49B(g) destroyed. Map ----- +----------------------------------------------------+ | ????????????????????????????????????????"????????? | | ???????????????????#????????????????????????#????? | | ??????????????? ????????????#???#????????????????? | | ??????????????????????????????????#??????????????? | | ?????????????????????????????????????????????????? | | ?????????????????????????????????????????????????? | | ?????????????????????????????????????? ??????????? | | ????????????? ####????????#?????????????????????? | | ???????????? #????????????????????????????? | | ???????????? ##########???#????????????#? | | ??????????? # ##??#?????????????? | | ??????????? = ! ########?????#???? | | ??????????? ]""" #?????????? | | ??????????? " % # """ #?????????? | | ??????????? # # ###### """ #### #?????????? | | ???????????? # ???????# #??# #?????????? | | ???????????????#??????????# ##??# #?????????? | | ??????????????????????????## ##???# #?????????? | | ??????????????? ??#????#???########?# #?????????? | | ???????????????????????#??????## ### #?????????? | | ??????????????????????????????# ##????????? | | ??????????????????????????#???# #????????? | | ?????????????????????????????## ##????????? | | ???????????????????????####### ####?????????? | | ??????????????????????##""## ##????????????? | | ??????????????????????#"]@ #X ##?????????????? | | ????????????????????#?#"!aa%a % ##??????????????? | | ??????????????????????#"[ = #???????????????? | | ??????????????????????#"=! # #??????????????? | | ??????????????????????##""## ????????????? | | ???????????????????????###### ?????????? | | ????????????????????????????# ##????????? | | ????????????????????????????# ## ##?????????? | | ????????????????????????????## ##?####??????????? | | ?????????????????????????????####????????????????? | | ?????????????????????????????????????????????????? | | ?????????????????????????????????????????????????? | | | | | | | | | | | | | | | | | | | | | | | | | | | +----------------------------------------------------+ Best States ------------- Heat Dissipation 39 Energy Generation 10 Energy Capacity 250 Matter Stores 300 Matter Capacity 300 Sight Range 16 Terrain Scan Range 16 Terrain Scan Density 10 Evasion (%) 50 Recoil Reduction 1 Item Schematics ----------------- None Robot Schematics ------------------ None Fabricated ------------ Nothing Alien Tech Used ----------------- None Achievements -------------- None Challenges ------------ None Game ------ Seed TerrabombAbsorptionEngine Manual? 0 Play Time 00:11:18 Cumulative 1001.0 hours Start 2024.01.27 @ 13:28:00 End 2024.01.27 @ 13:37:39 Sessions 1 Manual Loads 0 Difficulty Rogue Special Mode None Game No. 511 Rogue 384 Adventurer 125 Explorer 2 Win Type - Total 120 Types 94/9/8/3/3/0/0/2/1 Lore% 82 Gallery% 89 Achievement% 83 Wizard Run 0 Options --------- ASCII 0 Keyboard 1 Movement Numpad Keybinds 0 Fullscreen 1 Font 36/TerminusFine Map View 76x50 Zoom Use 0% Tactical HUD 1 Map Filters NONE Filters NONE Steam 1 RUN: 3b1c2a0a-f199-45ea-95af-8eea94086d32